AoeStats
← Dulcolaxi

Enclosed

505151645Analyzed
1v1 RM · 25d ago on Sep 8, 2026· 75m 31s· 2 players
Game mode
Random Map
Map size
Tiny (2 player)
Population
200
Speed
Normal
Resources
Standard
Victory
Conquest
Starting age
Dark Age
Ending age
Imperial Age
RankedLock teamsTeams togetherTeam positionsShared explorationLock speedFull tech treeHidden civsTurbo modeCheats
Victory
Defeat
🇺🇸 Burgundians · United States
698
+23
🇦🇷 Burgundians · Argentina
686
-15
Dulcolaxi
9:35 Wheelbarrow
13:51 Feudal Age
13:10 Loom
13:13 Double-Bit Axe
13:11 Horse Collar
14:55 Hand Cart
15:14 Heavy Plow
21:18 Bow Saw
29:00 Castle Age
31:41 Stone Mining
33:41 Crop Rotation
33:41 Squires
37:05 Burgundian Vineyards
43:22 Imperial Age
45:31 Pikeman
47:18 Chemistry
48:21 Forging
51:31 Halberdier
55:51 Iron Casting
55:18 Scale Mail Armor
55:24 Scale Barding Armor
59:01 Flemish Revolution
Pugilist7307
12:04 Feudal Age
19:31 Castle Age
17:22 Double-Bit Axe
17:49 Horse Collar
21:42 Husbandry
22:09 Fletching
33:24 Husbandry
36:20 Bow Saw
38:25 Scale Barding Armor
41:07 Chain Barding Armor
47:20 Imperial Age
48:07 Imperial Age
45:43 Cavalier
46:39 Forging
47:17 Scale Mail Armor
48:36 Murder Holes
48:41 Bodkin Arrow
49:02 Capped Ram
51:34 Conscription
53:41 Light Cavalry
55:21 Gold Mining
55:34 Town Watch
56:26 Wheelbarrow
57:05 Stone Mining
57:21 Paladin
59:42 Elite Coustillier
63:47 Chemistry
75:23 Hussar
Connection lost

Rejoining the realm…

Still unreachable

The connection could not be restored.

Session expired

The server has moved on; the page needs a fresh start.